 Dungeon Crawl Stone Soup version 0.26-a0-850-g97a50ab700 (webtiles) character file.

Game seed: 3858473830458453607

147 robertstho the Covert (level 5, 0/33 HPs)
             Began as a Kobold Delver on Nov 20, 2020.
             Slain by an orc priest
             ... wielding a +0 short sword
              (3 damage)
             ... on level 5 of the Dungeon.
             The game lasted 00:00:52 (686 turns).

robertstho the Covert (Kobold Delver)                Turns: 686, Time: 00:00:53

Health: 0/33       AC:  3    Str: 10    XL:     5   Next: 54%
Magic:  5/5        EV: 15    Int: 11    God:
Gold:   22         SH:  0    Dex: 17    Spells: 4/4 levels left

rFire    . . .     SeeInvis .   a - +0 short sword
rCold    . . .     Faith    .   (shield restricted)
rNeg     . . .     Spirit   .   b - +0 leather armour
rPois    .         Reflect  .   (no helmet)
rElec    .         Harm     .   (no cloak)
rCorr    .         Rampage  .   (no gloves)
MR       .....                  (no boots)
Stlth    +++++.....             (no amulet)
HPRegen  0.11/turn              (no ring)
MPRegen  0.09/turn              (no ring)

@: no status effects
A: small, nightstalker 3
a: no special abilities


You were on level 5 of the Dungeon.
You visited 1 branch of the dungeon, and saw 2 of its levels.

You collected 22 gold pieces.

Inventory:

Hand Weapons
 a - a +0 short sword (weapon)
Armour
 b - a +0 leather armour (worn)
Wands
 g - a wand of digging (3)
Scrolls
 c - a scroll of fog
 d - a scroll of magic mapping
 e - a scroll of fear
 h - 3 scrolls of enchant weapon {unknown}


   Skills:
 * Level 3.8 Fighting
 + Level 2.9 Short Blades
 + Level 0.1 Armour
 * Level 3.0 Dodging
 * Level 9.0 Stealth


You had 4 spell levels left.
You didn't know any spells.
Your spell library was empty.

Dungeon Overview and Level Annotations

Branches:
Dungeon (5/15)
 Temple: D:4-7

Altars:
Fedhas
Vehumet
Xom


Innate Abilities, Weirdness & Mutations

You are small and have problems with some larger weapons.
You are completely attuned to the shadows.


Message History

There is a stone staircase leading down here.
You climb downwards.
There is a stone staircase leading up here.
The orc priest hits you but does no damage.
You hit the orc priest.
The orc priest is moderately wounded.
The orc priest mumbles some strange prayers to Beogh against you.
Pain shoots through your body!
You hit the orc priest but do no damage.
The orc priest is moderately wounded.
The orc priest hits you with a +0 short sword.
* * * LOW HITPOINT WARNING * * *
You hit the orc priest.
The orc priest is heavily wounded.
The orc priest hits you with a +0 short sword.
* * * LOW HITPOINT WARNING * * *
You hit the orc priest.
The orc priest is severely wounded.
The orc priest hits you with a +0 short sword.
You die...

### #.. #.# #o# .# ##@#
... #.<# ###.#.###
######.####...#...######
............#####......#
.#######..#...#...####.#
#+####.#.### #.# #...#
#.# #...## #.# +.### #..


You could see an orc priest.

Vanquished Creatures
  2 scorpions (D:5)
  An orc priest (D:4)
  An adder (D:5)
  A shadow imp (D:5)
  An orc (D:4)
  A quokka skeleton (D:5)
7 creatures vanquished.

Vanquished Creatures (others)
  A plant (D:5)
1 creature vanquished.

Grand Total: 8 creatures vanquished

Notes
Turn   | Place    | Note
-------+----------+-------------------------------------------
     0 | D:5      | robertstho the Kobold Delver began the quest for the Orb.
     0 | D:5      | Reached XP level 1. HP: 14/14 MP: 1/1
    39 | D:5      | Reached skill level 7 in Stealth
    39 | D:5      | Reached XP level 2. HP: 19/19 MP: 2/2
    79 | D:5      | Noticed a scorpion
    84 | D:5      | Killed a scorpion
    85 | D:5      | Reached skill level 8 in Stealth
    85 | D:5      | Reached XP level 3. HP: 23/23 MP: 3/3
    85 | D:5      | Reached XP level 4. HP: 28/28 MP: 4/4
   137 | D:5      | Reached XP level 5. HP: 4/33 MP: 5/5
   154 | D:4      | Found a radiant altar of Vehumet.
   154 | D:4      | Found a blossoming altar of Fedhas.
   157 | D:4      | Found a shimmering altar of Xom.
   430 | D:4      | Reached skill level 9 in Stealth
   686 | D:5      | Slain by an orc priest

Illustrated notes

Levels and vault maps discovered:
D:4:      layout_basic, nicolae_overflow_hidden_temple, uniq_sigmund
D:5:      corexii_shack_village, layout_loops_ring,
          minmay_temple_entry_glassed_door

Skill      XL: |  1  2  3  4  5 |
---------------+----------------+-----
Stealth        | 7 8 9 |  9.0
Dodging        | 3 |  3.0
Fighting       | |  3.8
Short Blades   | |  2.9
Armour         | |  0.1

Action                   |  1- 3 |  4- 6 || total
-------------------------+-------+-------++-------
Melee: Short sword       |     6 |    35 ||    41
  Use: Potion            |       |     1 ||     1
 Stab: Sleeping          |     3 |       ||     3
Armor: Leather armour    |     1 |     3 ||     4
Dodge: Dodged            |     1 |    17 ||    18

Table legend: (Time is in decaauts)
 A = Elapsed time spent in this place.
 B = Non-inter-level travel time spent in this place.
 C = Inter-level travel time spent in this place.
 D = Time resting spent in this place.
 E = Time spent auto-exploring this place.
 F = Levels seen in this place.
 G = Mean time per level.
                   A        B        C        D        E       F      G
               +--------+--------+--------+--------+--------+-----+--------+
         Total |    667 |    659 |      8 |    475 |    103 |   2 |  333.5 |
       Dungeon |    667 |    659 |      8 |    475 |    103 |   2 |  333.5 |
               +--------+--------+--------+--------+--------+-----+--------+

Top non-repeatable levels by time:
     D:4: 509 daAuts
     D:5: 158 daAuts
